| TOP OF THE 1ST |
|
Great Falls Voyagers batting - Pitching for Orem Owlz : RHP Ed Raleigh
|
|
Pitching: RHP Ed Raleigh
|
|
|
Batting: RHB Andy Cotton
|
0-0: Foul Ball, location: 2F 0-1: Foul Ball, location: 2F 0-2: Foul Ball, location: 2F 0-2: Ball 1-2: Fly out, F7 (Flyball, 7, EV 89.4 MPH)
|
|
Batting: RHB Josh Newby
|
0-0: Foul Ball, location: 2F 0-1: Ball 1-1: Ground out 4-3 (Groundball, 4, EV 85.0 MPH)
|
|
Batting: LHB Josh Pittman
|
0-0: Ball 1-0: Foul Ball, location: 2F 1-1: SOLO HOME RUN (Line Drive, 78XD, EV 111.9 MPH), Distance : 424 ft
|
|
Batting: SHB Matt Childers
|
0-0: Called Strike 0-1: Ball 1-1: Ball 2-1: Ball 3-1: SOLO HOME RUN (Flyball, 89XD, EV 103.8 MPH), Distance : 408 ft
|
|
Batting: LHB Carlos Ramirez
|
0-0: Foul Ball, location: 2F 0-1: Foul Ball, location: 2F 0-2: Foul Ball, location: 2F 0-2: Strikes out swinging
|
| Top of the 1st over - 2 runs, 2 hits, 0 errors, 0 left on base; Great Falls 2 - Orem 0 |
| BOTTOM OF THE 1ST |
|
Orem Owlz batting - Pitching for Great Falls Voyagers : RHP Brent White
|
|
Pitching: RHP Brent White
|
|
|
Batting: SHB Butch Brown
|
0-0: Ball 1-0: Ball 2-0: Foul Ball, location: 2F 2-1: Foul Ball, location: 2F 2-2: Fly out, F9 (Flyball, 9, EV 83.8 MPH)
|
|
Batting: LHB Justin Alexander
|
0-0: Ground out 4-3 (Groundball, 34, EV 106.3 MPH)
|
|
Batting: LHB Brett Bugge
|
0-0: Reached on error, E4 (Groundball, 4, EV 88.1 MPH)
|
|
Batting: RHB Mike Alm
|
0-0: Called Strike 0-1: Foul Ball, location: 2F 0-2: Foul Ball, location: 2F 0-2: Ball 1-2: Strikes out swinging
|
| Bottom of the 1st over - 0 runs, 0 hits, 1 error, 1 left on base; Great Falls 2 - Orem 0 |
| TOP OF THE 2ND |
|
Great Falls Voyagers batting - Pitching for Orem Owlz : RHP Ed Raleigh
|
|
Batting: RHB Vic Lucatero
|
0-0: SINGLE (Flyball, 8LS, EV 96.9 MPH)
|
|
Batting: SHB Jose Romo
|
0-0: Ball 1-0: Ball 2-0: Fielders Choice at 2nd, 6-4 (Groundball, 6M, EV 88.1 MPH)
|
|
Batting: RHB Billy Grubbs
|
0-0: Called Strike Jose Romo is caught stealing 2nd base 2-4 0-1: Fly out, F8 (Flyball, 78XD, EV 103.8 MPH)
|
| Top of the 2nd over - 0 runs, 1 hit, 0 errors, 0 left on base; Great Falls 2 - Orem 0 |
| BOTTOM OF THE 2ND |
|
Orem Owlz batting - Pitching for Great Falls Voyagers : RHP Brent White
|
|
Batting: RHB Ryan Pelletier
|
0-0: Fly out, F7 (Line Drive, 7D, EV 91.3 MPH)
|
|
Batting: RHB Danny Bjarnson
|
0-0: Swinging Strike 0-1: Ball 1-1: Ball 2-1: Called Strike 2-2: Foul Ball, location: 2F 2-2: Strikes out swinging
|
|
Batting: RHB J.R. Roberts
|
0-0: Ball 1-0: Swinging Strike 1-1: Swinging Strike 1-2: Strikes out swinging
|
| Bottom of the 2nd over - 0 runs, 0 hits, 0 errors, 0 left on base; Great Falls 2 - Orem 0 |
| TOP OF THE 3RD |
|
Great Falls Voyagers batting - Pitching for Orem Owlz : RHP Ed Raleigh
|
|
Batting: RHB Juan Tovar
|
0-0: Foul Ball, location: 2F 0-1: Ball 1-1: Called Strike 1-2: Reached on error, E5 (Groundball, 5S, EV 86.3 MPH)
|
|
Batting: RHB Andy Cotton
|
0-0: Called Strike 0-1: Foul Ball, location: 2F 0-2: Ground out U3 (Groundball, 34, EV 85.6 MPH) Juan Tovar to third
|
|
Batting: RHB Josh Newby
|
0-0: Called Strike 0-1: Ball 1-1: Ball 2-1: Called Strike 2-2: Fly out, F8 (Line Drive, 8RD, EV 108.1 MPH) Runner from 3rd tags up, OUT at HOME! 8-2
|
| Top of the 3rd over - 0 runs, 0 hits, 1 error, 0 left on base; Great Falls 2 - Orem 0 |
| BOTTOM OF THE 3RD |
|
Orem Owlz batting - Pitching for Great Falls Voyagers : RHP Brent White
|
|
Batting: RHB Jose Ramirez
|
0-0: Ball 1-0: Foul Ball, location: 2F 1-1: Foul Ball, location: 2F 1-2: Ground out 6-3 (Groundball, 6, EV 78.1 MPH)
|
|
Batting: RHB Malachi Ephron
|
0-0: Ball 1-0: Foul Ball, location: 2F 1-1: Foul Ball, location: 2F 1-2: Ball 2-2: Strikes out looking
|
|
Batting: SHB Butch Brown
|
0-0: Swinging Strike 0-1: Ground out 6-3 (Groundball, 6M, EV 88.8 MPH)
|
| Bottom of the 3rd over - 0 runs, 0 hits, 0 errors, 0 left on base; Great Falls 2 - Orem 0 |
| TOP OF THE 4TH |
|
Great Falls Voyagers batting - Pitching for Orem Owlz : RHP Ed Raleigh
|
|
Batting: LHB Josh Pittman
|
0-0: Ball 1-0: Ball 2-0: Called Strike 2-1: Ball 3-1: Base on Balls
|
|
Batting: SHB Matt Childers
|
0-0: Foul Ball, location: 2F 0-1: Ball 1-1: Swinging Strike 1-2: Strikes out swinging
|
|
Batting: LHB Carlos Ramirez
|
0-0: Ball 1-0: SINGLE (Flyball, 89S, EV 88.8 MPH) Josh Pittman to second
|
|
Batting: RHB Vic Lucatero
|
0-0: Called Strike 0-1: Ball 1-1: SINGLE (Line Drive, 7LS, EV 106.3 MPH) Josh Pittman to third Carlos Ramirez to second
|
|
Batting: SHB Jose Romo
|
0-0: Called Strike 0-1: Ball 1-1: Ball 2-1: Foul Ball, location: 2F 2-2: Fielders Choice at 2nd, 4-6 (Groundball, 4, EV 98.1 MPH) Josh Pittman scores Carlos Ramirez to third
|
|
Batting: RHB Billy Grubbs
|
Pickoff Throw to First - Out! 1-3
|
| Top of the 4th over - 1 run, 2 hits, 0 errors, 1 left on base; Great Falls 3 - Orem 0 |
| BOTTOM OF THE 4TH |
|
Orem Owlz batting - Pitching for Great Falls Voyagers : RHP Brent White
|
|
Batting: LHB Justin Alexander
|
0-0: Ground out 3-1 (Groundball, 34, EV 85.6 MPH)
|
|
Batting: LHB Brett Bugge
|
0-0: Ball 1-0: Ball 2-0: Called Strike 2-1: Ball 3-1: Base on Balls
|
|
Batting: RHB Mike Alm
|
0-0: Called Strike 0-1: Ball 1-1: Swinging Strike 1-2: Ball 2-2: Ball 3-2: Foul Ball, location: 2F 3-2: Strikes out swinging
|
|
Batting: RHB Ryan Pelletier
|
0-0: Fly out, F7 (Line Drive, 7D, EV 89.4 MPH)
|
| Bottom of the 4th over - 0 runs, 0 hits, 0 errors, 1 left on base; Great Falls 3 - Orem 0 |
| TOP OF THE 5TH |
|
Great Falls Voyagers batting - Pitching for Orem Owlz : RHP Ed Raleigh
|
|
Batting: RHB Billy Grubbs
|
0-0: Ball 1-0: Ball 2-0: Fly out, F8 (Flyball, 8LXD, EV 97.5 MPH)
|
|
Batting: RHB Juan Tovar
|
0-0: SINGLE (Groundball, 34D, EV 98.8 MPH)
|
|
Batting: RHB Andy Cotton
|
0-0: Swinging Strike 0-1: Ball 1-1: Called Strike 1-2: Ball 2-2: Hit by Pitch Juan Tovar to second
|
|
Batting: RHB Josh Newby
|
0-0: Called Strike 0-1: Foul Ball, location: 2F 0-2: Ball 1-2: Strikes out swinging
|
|
Batting: LHB Josh Pittman
|
0-0: Foul Ball, location: 2F 0-1: Called Strike 0-2: Ground out U3 (Groundball, 3L, EV 111.3 MPH)
|
| Top of the 5th over - 0 runs, 1 hit, 0 errors, 2 left on base; Great Falls 3 - Orem 0 |
| BOTTOM OF THE 5TH |
|
Orem Owlz batting - Pitching for Great Falls Voyagers : RHP Brent White
|
|
Batting: RHB Danny Bjarnson
|
0-0: Called Strike 0-1: Ball 1-1: Called Strike 1-2: Ball 2-2: Ball 3-2: SINGLE (Line Drive, 4M, EV 110.6 MPH)
|
|
Batting: RHB J.R. Roberts
|
0-0: Ball Danny Bjarnson steals 2nd base 1-0: Swinging Strike 1-1: Swinging Strike 1-2: DOUBLE (Line Drive, 7LM, EV 111.9 MPH) Danny Bjarnson scores
|
|
Batting: RHB Jose Ramirez
|
0-0: Ball 1-0: Ball 2-0: Ground out 3-1 (Groundball, 34, EV 108.8 MPH) J.R. Roberts to third
|
|
Batting: RHB Malachi Ephron
|
0-0: Called Strike 0-1: Ball 1-1: Ball 2-1: Foul Ball, location: 2F 2-2: Strikes out swinging
|
|
Batting: SHB Butch Brown
|
0-0: Ball 1-0: Ball 2-0: Ball 3-0: Base on Balls
|
|
Batting: LHB Justin Alexander
|
0-0: Ball 1-0: Ball 2-0: Called Strike Butch Brown steals 2nd base 2-1: Swinging Strike 2-2: Ball 3-2: Strikes out looking
|
| Bottom of the 5th over - 1 run, 2 hits, 0 errors, 2 left on base; Great Falls 3 - Orem 1 |
| TOP OF THE 6TH |
|
Great Falls Voyagers batting - Pitching for Orem Owlz : RHP Ed Raleigh
|
|
Batting: SHB Matt Childers
|
0-0: Foul Ball, location: 2F 0-1: Foul Ball, location: 2F 0-2: Ball 1-2: Ball 2-2: Ground out 4-3 (Groundball, 34D, EV 104.4 MPH)
|
|
Batting: LHB Carlos Ramirez
|
0-0: Called Strike 0-1: Called Strike 0-2: Ball 1-2: Hit by Pitch
|
|
Batting: RHB Vic Lucatero
|
0-0: Ball 1-0: Called Strike 1-1: Ball 2-1: Called Strike 2-2: Foul Ball, location: 2F 2-2: Foul Ball, location: 2F 2-2: SINGLE (Groundball, 6MD, EV 101.9 MPH) Carlos Ramirez to second Runner from 2nd tries for 3rd, SAFE, throw by CF made to third Vic Lucatero to second
|
|
Batting: SHB Jose Romo
|
0-0: Foul Ball, location: 2F 0-1: Ball 1-1: Ball 2-1: Foul Ball, location: 2F 2-2: SINGLE (Groundball, 34D, EV 95.0 MPH) Carlos Ramirez scores Vic Lucatero to third Runner from 3rd tries for Home, SAFE, throw by RF to home
|
|
Pitching: RHP Troy Ingram
|
|
|
Batting: RHB Billy Grubbs
|
0-0: Fly out, F5 (Popup, 56S, EV 66.3 MPH)
|
|
Batting: RHB Juan Tovar
|
0-0: Foul Ball, location: 2F 0-1: Called Strike Jose Romo steals 2nd base 0-2: 2-RUN HOME RUN (Flyball, 7LD, EV 97.5 MPH), Distance : 348 ft
|
|
Batting: RHB Andy Cotton
|
0-0: Ball 1-0: Ball 2-0: Ball 3-0: Called Strike 3-1: Foul Ball, location: 2F 3-2: Strikes out swinging
|
| Top of the 6th over - 4 runs, 3 hits, 0 errors, 0 left on base; Great Falls 7 - Orem 1 |
| BOTTOM OF THE 6TH |
|
Orem Owlz batting - Pitching for Great Falls Voyagers : RHP Brent White
|
|
Batting: LHB Brett Bugge
|
0-0: Ball 1-0: Fly out, F8 (Flyball, 89M, EV 80.0 MPH)
|
|
Batting: RHB Mike Alm
|
0-0: Ball 1-0: Ball 2-0: Ball 3-0: Base on Balls
|
|
Pitching: RHP Brian Wesolek
|
|
|
Batting: RHB Ryan Pelletier
|
0-0: Called Strike 0-1: Ball Mike Alm is caught stealing 2nd base 2-4 1-1: Ground out 5-3 (Groundball, 5S, EV 64.4 MPH)
|
| Bottom of the 6th over - 0 runs, 0 hits, 0 errors, 0 left on base; Great Falls 7 - Orem 1 |
| TOP OF THE 7TH |
|
Great Falls Voyagers batting - Pitching for Orem Owlz : RHP Troy Ingram
|
|
Batting: RHB Josh Newby
|
0-0: Called Strike 0-1: Swinging Strike 0-2: Strikes out swinging
|
|
Batting: LHB Josh Pittman
|
0-0: Called Strike 0-1: Swinging Strike 0-2: Ball 1-2: Strikes out swinging
|
|
Batting: SHB Matt Childers
|
0-0: Ball 1-0: Called Strike 1-1: Ball 2-1: Foul Ball, location: 2F 2-2: Fly out, F7 (Flyball, 7D, EV 78.8 MPH)
|
| Top of the 7th over - 0 runs, 0 hits, 0 errors, 0 left on base; Great Falls 7 - Orem 1 |
| BOTTOM OF THE 7TH |
|
Orem Owlz batting - Pitching for Great Falls Voyagers : RHP Brian Wesolek
|
|
Batting: RHB Danny Bjarnson
|
0-0: Ball 1-0: Swinging Strike 1-1: Ground out 3-1 (Groundball, 34, EV 107.5 MPH)
|
|
Pitching: RHP Maury Compson
|
|
|
Batting: RHB J.R. Roberts
|
0-0: Ball 1-0: Foul Ball, location: 2F 1-1: Ball 2-1: Foul Ball, location: 2F 2-2: SINGLE (Flyball, 8LS, EV 94.4 MPH)
|
|
Batting: RHB Jose Ramirez
|
0-0: Ball 1-0: Ball 2-0: Foul Ball, location: 2F 2-1: Swinging Strike 2-2: Fly out, F7 (Flyball, 7S, EV 70.0 MPH)
|
|
Batting: RHB Malachi Ephron
|
0-0: Ball 1-0: SINGLE (Flyball, 4D, EV 81.9 MPH) J.R. Roberts to second Runner from 2nd tries for 3rd, SAFE, throw by CF made to third
|
|
Batting: SHB Butch Brown
|
0-0: Called Strike 0-1: Ball 1-1: Ball 2-1: Foul Ball, location: 2F 2-2: SINGLE (Groundball, 3D, EV 100.6 MPH) J.R. Roberts scores Malachi Ephron to second Runner from 2nd tries for 3rd, SAFE, throw by RF made to third
|
|
Batting: LHB Justin Alexander
|
0-0: Called Strike 0-1: Ball 1-1: Ball 2-1: Fly out, F8 (Flyball, 8LD, EV 88.1 MPH)
|
| Bottom of the 7th over - 1 run, 3 hits, 0 errors, 2 left on base; Great Falls 7 - Orem 2 |
| TOP OF THE 8TH |
|
Great Falls Voyagers batting - Pitching for Orem Owlz : RHP Troy Ingram
|
|
Batting: LHB Carlos Ramirez
|
0-0: Ball 1-0: Ball 2-0: Ball 3-0: Base on Balls
|
|
Pitching: RHP Owen Prouty
|
|
|
Batting: RHB Vic Lucatero
|
0-0: Ball 1-0: Ball 2-0: Called Strike 2-1: Swinging Strike 2-2: Foul Ball, location: 2F 2-2: Foul Ball, location: 2F 2-2: Strikes out swinging
|
|
Batting: SHB Jose Romo
|
0-0: Ball 1-0: Swinging Strike 1-1: Swinging Strike 1-2: Strikes out swinging
|
|
Batting: RHB Billy Grubbs
|
0-0: Ball 1-0: Ball Wild Pitch! Carlos Ramirez to second 2-0: Called Strike 2-1: Ball 3-1: Foul Ball, location: 2F 3-2: Base on Balls
|
|
Batting: RHB Juan Tovar
|
0-0: Swinging Strike 0-1: Ball 1-1: Foul Ball, location: 2F 1-2: Strikes out swinging
|
| Top of the 8th over - 0 runs, 0 hits, 0 errors, 2 left on base; Great Falls 7 - Orem 2 |
| BOTTOM OF THE 8TH |
|
Orem Owlz batting - Pitching for Great Falls Voyagers : RHP Maury Compson
|
|
Batting: LHB Brett Bugge
|
0-0: Fly out, F6 (Popup, P, EV 83.1 MPH)
|
|
Batting: RHB Mike Alm
|
0-0: Ground out 6-3 (Groundball, 6D, EV 111.3 MPH)
|
|
Batting: RHB Ryan Pelletier
|
0-0: Ball 1-0: Called Strike 1-1: Ball 2-1: SINGLE (Line Drive, 34, EV 98.8 MPH)
|
|
Pitching: LHP Matt Donnelly
|
|
|
Batting: RHB Danny Bjarnson
|
0-0: Ball 1-0: DOUBLE (Line Drive, 78D, EV 108.8 MPH) Ryan Pelletier to third Runner from 3rd tries for Home, SAFE, throw by LF to home
|
|
Batting: RHB J.R. Roberts
|
0-0: Foul Ball, location: 2F 0-1: Ball 1-1: Ball 2-1: SINGLE (Flyball, 7LM, EV 91.9 MPH) Danny Bjarnson to third Runner from 3rd tries for Home, SAFE, throw by LF to home J.R. Roberts to second
|
|
Batting: RHB Jose Ramirez
|
0-0: Called Strike 0-1: Ball 1-1: Ball 2-1: Fly out, F3 (Popup, 3S, EV 71.3 MPH)
|
| Bottom of the 8th over - 2 runs, 3 hits, 0 errors, 1 left on base; Great Falls 7 - Orem 4 |
| TOP OF THE 9TH |
|
Great Falls Voyagers batting - Pitching for Orem Owlz : RHP Owen Prouty
|
|
Pitching: RHP Danny Nava
|
|
|
Batting: RHB Andy Cotton
|
0-0: Ball 1-0: Swinging Strike 1-1: Foul Ball, location: 2F 1-2: Strikes out swinging
|
|
Batting: RHB Josh Newby
|
0-0: Foul Ball, location: 2F 0-1: Ball 1-1: Ground out 5-3 (Groundball, 5S, EV 67.5 MPH)
|
|
Batting: LHB Josh Pittman
|
0-0: Called Strike 0-1: Called Strike 0-2: Foul Ball, location: 2F 0-2: Strikes out swinging
|
| Top of the 9th over - 0 runs, 0 hits, 0 errors, 0 left on base; Great Falls 7 - Orem 4 |
| BOTTOM OF THE 9TH |
|
Orem Owlz batting - Pitching for Great Falls Voyagers : LHP Matt Donnelly
|
|
Pitching: RHP Craig Potter
|
|
|
Batting: RHB Malachi Ephron
|
0-0: Foul Ball, location: 2F 0-1: Ball 1-1: Foul Ball, location: 2F 1-2: Ball 2-2: Strikes out swinging
|
|
Batting: SHB Butch Brown
|
0-0: Called Strike 0-1: Ball 1-1: Foul Ball, location: 2F 1-2: Strikes out swinging
|
|
Batting: LHB Justin Alexander
|
0-0: Ball 1-0: Ball 2-0: Foul Ball, location: 2F 2-1: Swinging Strike 2-2: Foul Ball, location: 2F 2-2: Fly out, F9 (Flyball, 9D, EV 98.1 MPH)
|
| Bottom of the 9th over - 0 runs, 0 hits, 0 errors, 0 left on base; Great Falls 7 - Orem 4 |
|